Map: Néo-Gettysburg EC

Players

zidar - Winner!

  • Race: Zerg Zerg
  • League: Platinum
  • Spawn Location: 7:00

fetz

  • Race: Terran Terran
  • League: Platinum
  • Spawn Location: 5:00

VOD

Have the link to the VOD?

Description

Time

  • Played on: Nov. 1, 2016, 4:25 p.m.
  • Length: 18:24
Show
View Real Time Build Order
Export as new Build Order

zidar Zerg - Winner!

Build Orders: Hatch First 

Get SALT Encoding   

  12  0:01  Drone  
  13  0:13  Overlord  
  13  0:19  Drone  
  14  0:32  Drone x2  
  16  0:51  Hatchery  
  16  0:55  Drone  
  16  1:09  Extractor  
  15  1:13  Spawning Pool  
  15  1:16  Drone  
  15  1:20  Drone  
  16  1:27  Drone  
  16  1:32  Drone  
  18  1:52  Drone  
  19  2:00  Queen  
  21  2:03  Queen  
  21  2:08  Metabolic Boost  
  23  2:13  Drone  
  24  2:21  Zergling x2  
  24  2:22  Zergling x2  
  26  2:46  Roach Warren  
  25  2:54  Zergling x2  
  25  2:55  Drone x2  
  25  2:57  Overlord x2  
  28  3:12  Lair  
  28  3:16  Extractor  
  28  3:17  Drone x2  
  28  3:44  Pneumatized Carapace  
  28  3:46  Drone  
  29  3:48  Drone x6  
  35  3:59  Baneling Nest  
  33  4:10  Roach x3  
  39  4:38  Spire  
  37  5:06  Roach x3  
  43  5:10  Overlord x4  
  43  5:25  Hatchery, Drone  
  43  5:28  Drone x7  
  50  5:36  Ravager  
  50  5:37  Extractor, Ravager  
  50  5:38  Extractor, Ravager  
  51  5:58  Roach x6  
  63  6:10  Drone x3  
  66  6:12  Drone x3  
  68  6:34  Roach x3  
  68  6:36  Overlord x2  
  74  6:42  Drone x3  
  74  6:43  Drone  
  78  7:02  Roach  
  78  7:03  Roach x5  
  90  7:17  Evolution Chamber  
  90  7:20  Evolution Chamber  
  88  7:23  Queen  
  88  7:27  Overlord x3  
  88  7:28  Overlord  
  90  7:31  Overseer  
  90  7:33  Ravager  
  90  7:34  Ravager x3  
  90  7:36  Ravager x3  
  97  7:42  Overlord  
  97  7:47  Zerg Ground Armor Level 1  
  91  8:39  Roach  
  91  8:40  Roach x17  
  101  10:03  Roach x6  
  101  10:04  Roach x3  
  97  10:23  Roach x2  
  98  10:53  Mutalisk x9  
  98  10:55  Spawning Pool  
  93  12:11  Mutalisk x8  
  101  12:58  Zergling x2  
  102  12:59  Zergling x10  
  102  13:00  Zergling x14  
  114  13:11  Zergling x2  
  99  14:03  Zergling x12  
  105  15:26  Zergling x20  
  105  15:27  Zergling x16  
  115  15:50  Lair  
  115  16:00  Overlord  
  115  16:01  Overlord x6  
  115  16:13  Hatchery  
  114  16:50  Drone x9  
  123  17:12  Spire  
  122  17:17  Drone x3  
  122  17:21  Drone  
  126  17:24  Drone  
  127  17:55  Drone x11  
Show
View Real Time Build Order
Export as new Build Order

fetz Terran 

Build Orders:  

Get SALT Encoding   

  12  0:01  SCV  
  13  0:13  SCV  
  14  0:23  Supply Depot  
  14  0:25  SCV  
  15  0:40  Refinery  
  15  0:44  SCV  
  15  0:46  Barracks  
  16  0:56  SCV  
  17  1:00  Refinery  
  17  1:09  SCV  
  18  1:23  Barracks  
  18  1:27  SCV  
  19  1:34  Supply Depot  
  19  1:37  Reaper  
  20  1:45  Orbital Command  
  20  2:02  Factory  
  20  2:15  SCV  
  21  2:18  Marine, Reaper  
  23  2:27  Engineering Bay  
  23  2:38  Factory  
  23  2:40  SCV  
  24  2:51  Reaper x2  
  26  2:55  Factory Tech Lab  
  26  2:57  SCV  
  27  3:05  Starport  
  27  3:09  SCV  
  27  3:49  Medivac  
  27  3:51  SCV  
  27  3:52  Factory Tech Lab  
  30  4:03  SCV  
  31  4:20  Supply Depot  
  31  4:24  Command Center  
  31  4:27  Barracks Reactor  
  31  4:38  Command Center  
  31  4:42  SCV  
  31  4:44  Marine  
  32  5:03  Reaper  
  32  5:04  Marine x2, SCV  
  36  5:13  Siege Tank  
  36  5:14  Siege Tank  
  42  5:18  SCV  
  43  5:21  Medivac  
  43  5:22  Supply Depot  
  45  5:44  SCV  
  45  5:45  Supply Depot  
  46  5:59  Marine x2  
  46  6:00  Marine  
  49  6:08  SCV  
  49  6:09  Orbital Command  
  50  6:19  Supply Depot  
  50  6:27  Supply Depot  
  50  6:30  Supply Depot x2  
  50  6:32  Supply Depot  
  50  6:35  SCV x2  
  50  6:37  SCV  
  53  6:40  Siege Tank  
  53  6:41  Marine  
  53  6:42  Supply Depot  
  57  6:50  SCV x2  
  59  6:54  Orbital Command  
  59  7:08  SCV  
  59  7:09  SCV  
  59  7:10  Marine x3  
  59  7:12  Terran Infantry Weapons Level 1  
  64  7:23  Barracks, Supply Depot  
  64  7:26  Engineering Bay  
  64  7:27  SCV  
  64  7:28  Marine  
  64  7:29  Armory, SCV  
  67  7:32  SCV  
  68  7:44  Refinery  
  68  7:45  Marine x2  
  68  7:46  Marine  
  68  7:47  Refinery  
  68  7:50  SCV x3  
  74  7:54  Medivac  
  76  8:03  Marine  
  77  8:17  Siege Tank x2  
  83  8:24  SCV  
  83  8:25  SCV x2  
  86  8:31  Command Center  
  80  8:37  Marine x2  
  83  8:44  Barracks Tech Lab  
  83  8:46  Marine  
  83  8:49  SCV  
  83  8:50  SCV x2  
  82  9:17  Marine x4  
  82  9:18  Siege Tank x2  
  82  9:23  SCV x2  
  86  9:34  Marine x2  
  86  9:35  Marine  
  80  9:40  Orbital Command  
  80  9:42  Marine  
  73  9:49  SCV x2  
  73  9:50  Siege Tank x2  
  73  9:52  Marine x2  
  78  10:05  SCV x2  
  66  10:21  Engineering Bay  
  66  10:22  Barracks  
  66  10:23  Supply Depot  
  66  10:26  Barracks  
  59  10:40  SCV  
  46  11:17  Marine  
  46  11:18  SCV x3  
  49  11:27  Missile Turret  
  49  11:30  Missile Turret  
  49  11:31  Missile Turret x2  
  50  11:33  SCV x2  
  50  11:35  Marine  
  21  12:09  Missile Turret  
  21  12:17  Barracks x2  
  21  12:19  Barracks x2  
  21  12:25  SCV  
  22  12:36  Missile Turret  
  22  12:42  Supply Depot  
  22  12:48  SCV x2  
  22  12:58  Marine  
  22  13:01  SCV x2  
  25  13:11  Missile Turret  
  25  13:16  Marine  
  24  13:28  SCV x2  
  20  13:58  SCV  
  20  13:59  Orbital Command  
  20  14:01  Marine x2  
  23  14:06  Barracks, Supply Depot  
  23  14:26  Command Center  
  23  14:34  SCV  
  23  14:36  SCV  
  25  14:46  SCV, Bunker  
  25  14:48  SCV  
  25  14:52  Marine x2  
  28  14:56  Missile Turret  
  27  15:10  SCV  
  27  15:13  Orbital Command  
  28  15:15  Missile Turret  
  28  15:19  Bunker  
  28  15:22  Marine x3  
  31  15:38  Barracks  
  31  15:58  Bunker  
  31  16:06  SCV  
  31  16:07  SCV  
  33  16:26  Missile Turret  
  31  16:38  SCV x2  
  33  16:43  Refinery  
  33  16:47  Marine x3  
  33  16:51  Marine  
  38  16:54  SCV x2  
  39  17:05  Marine x3  
  42  17:09  Marine  
  43  17:19  SCV x2  
  45  17:25  Engineering Bay  
  45  17:28  Factory  
  45  17:38  Marine x3  
  45  17:39  Marine x3  
  51  17:47  Factory, SCV x2  
  51  17:50  Factory  
  53  17:56  Marine  
  54  18:15  Supply Depot  
  54  18:17  Supply Depot  
  54  18:19  Factory Tech Lab  
Tags
 
Add a new tag
Caveats
  • Supply blocks, unpowered buildings, or Contaminate may cause inaccurate times.
  • Supply counts are checked every 10 seconds.